 Dungeon Crawl Stone Soup version 0.30-a0-782-ge64f9170bb (webtiles) character file.

Game seed: 14951179971232217639

31 Goldberg the Poker (level 3, -7/30 HPs)
             Began as a Minotaur Gladiator on Feb 22, 2023.
             Mangled by a gnoll
             ... wielding a +1 heavy flail
              (18 damage)
             ... on level 2 of the Dungeon.
             The game lasted 00:03:01 (905 turns).

Goldberg the Poker (Minotaur Gladiator)              Turns: 905, Time: 00:03:02

Health: -7/30      AC:  4    Str: 19    XL:     3   Next: 7%
Magic:  2/2        EV: 13    Int:  4    God:
Gold:   66         SH:  0    Dex: 15    Spells: 2/2 levels left

rFire   . . .      SeeInvis .    a - +0 trident
rCold   . . .      Faith    .    (no shield)
rNeg    . . .      Spirit   .    b - +0 leather armour
rPois   .          Reflect  .    c - +0 hat
rElec   .          Harm     .    (no cloak)
rCorr   .          Rampage  .    (no gloves)
Will    .....                    (no boots)
Stlth   +                        (no amulet)
HPRegen 0.25/turn                (no ring)
MPRegen 0.08/turn                (no ring)

@: no status effects
A: horns 2, retaliatory headbutt, agile 1, shaggy fur 1
a: no special abilities


You were on level 2 of the Dungeon.
You visited 1 branch of the dungeon, and saw 2 of its levels.

You collected 90 gold pieces.
You spent 24 gold pieces at shops.

Inventory:

Hand Weapons
 a - a +0 trident (weapon)
Missiles
 d - 3 throwing nets (quivered)
 e - a javelin
Armour
 b - a +0 leather armour (worn)
 c - a +0 hat (worn)
Scrolls
 h - 2 scrolls of noise
 i - a scroll of identify
 k - a scroll of teleportation {unknown}
Potions
 j - a potion of might {unknown}


   Skills:
 + Level 2.5 Fighting
 + Level 4.6 Polearms
 + Level 2.0 Throwing
 + Level 0.1 Armour
 + Level 3.7 Dodging


You had 2 spell levels left.
You didn't know any spells.
Your spell library was empty.

Dungeon Overview and Level Annotations

Branches:
Dungeon (2/15)

Altars:

Shops:
D:1 *


Innate Abilities, Weirdness & Mutations

You have a pair of horns on your head.
You reflexively headbutt those who attack you in melee.
You are agile. (Dex +4, Str/Int -1)
You are covered in fur. (AC +1)


Message History

A goblin comes into view. It is wielding a +0 dagger.
The goblin shouts!
A goblin is nearby!
Found 5 gold pieces.
You reach to attack!
You hit the goblin.
You kill the goblin!
A rat comes into view.
Items here: ! $ ) †.
You reach to attack!
You puncture the rat!
You kill the rat!
f - a sapphire potion You now have 66 gold pieces (gained 19).
Things that are here:
a +0 dagger; a goblin corpse
j - a bubbling dark potion A rat comes into view.
You reach to attack!
You puncture the rat!
You kill the rat!
k - a scroll labelled WOZXOA KIUKUOR
Found a scroll of identify.
A gnoll comes into view. It is wielding a +0 halberd.
The gnoll shouts!
You see here a scroll of identify.
You reach to attack!
You closely miss the gnoll.
The gnoll hits you from afar with a +0 halberd!
A gnoll comes into view. It is wielding a +1 heavy flail.
You reach to attack!
You hit the gnoll but do no damage.
The gnoll hits you from afar with a +0 halberd.
A gnoll comes into view. It is wielding a +0 halberd.
The gnoll hits you with a +0 halberd.
* * * LOW HITPOINT WARNING * * *
It was a potion of mutation.
You feel extremely strange.
You feel agile. Fur sprouts all over your body.
The gnoll shouts!
The gnoll hits you with a +0 halberd!
* * * LOW HITPOINT WARNING * * *
You feel better.
The gnoll hits you with a +1 heavy flail!!
Ouch! That really hurt!
You die...

#.# #.# ##..#
..# #.# #..#
.##
#.#####..####
.#
#...........#
.##
#..####..##.#
..########..
#..# #
..........
##..#
..########
#.?.# .##
#g@## .# #g.#
.# .?.g. .#
###..## .#
...# ## ###.#
#.# #.#


You could see 3 gnolls.

Vanquished Creatures
  2 dart slugs (D:1)
  3 endoplasms (D:1)
  A giant cockroach (D:1)
  2 goblins
  3 hobgoblins
  A kobold (D:1)
  5 ball pythons
  A bat (D:1)
  3 frilled lizards (D:1)
  4 rats
25 creatures vanquished.

Notes
Turn   | Place    | Note
-------+----------+-------------------------------------------
     0 | D:1      | Goldberg the Minotaur Gladiator began the quest for the
                  | Orb.
     0 | D:1      | Reached XP level 1. HP: 18/18 MP: 0/0
   118 | D:1      | Found Ecydis's General Store.
   148 | D:1      | Bought a scroll of identify for 24 gold pieces
   157 | D:1      | Reached skill level 4 in Polearms
   157 | D:1      | Reached XP level 2. HP: 25/25 MP: 1/1
   842 | D:2      | Reached XP level 3. HP: 28/30 MP: 2/2
   904 | D:2      | Gained mutation: You are agile. (Dex +4, Str/Int -1)
                  | [potion of mutation]
   904 | D:2      | Gained mutation: You are covered in fur. (AC +1) [potion of
                  | mutation]
   904 | D:2      | HP: 1/30 [gnoll/+0 halberd (8)]
   905 | D:2      | Mangled by a gnoll

Illustrated notes

Levels and vault maps discovered:
D:1:      lightli_arrival_statuegarden, layout_loops_ring, serial_shops,
          nicolae_square_shop
D:2:      layout_loops_ring, hellmonk_ecumenical_altar_watching_god,
          serial_shops, nicolae_shop_trees

Skill      XL: |  1 |
---------------+----+-----
Polearms       | 4 |  4.6
Fighting       | |  2.5
Throwing       | |  2.0
Armour         | |  0.1
Dodging        | |  3.7

Action                     || total
---------------------------++-------
  Melee: Trident           ||    52
         Punch             ||     1
         Headbutt          ||     4
    Use: Scroll            ||     3
         Potion            ||     5
 Armour: Leather armour    ||     9
  Dodge: Dodged            ||    21

Table legend: (Time is in decaauts)
 A = Elapsed time spent in this place.
 B = Non-inter-level travel time spent in this place.
 C = Inter-level travel time spent in this place.
 D = Time resting spent in this place.
 E = Time spent auto-exploring this place.
 F = Levels seen in this place.
 G = Mean time per level.
                   A        B        C        D        E       F      G
               +--------+--------+--------+--------+--------+-----+--------+
         Total |    894 |    872 |     22 |      0 |    683 |   2 |  447.0 |
       Dungeon |    894 |    872 |     22 |      0 |    683 |   2 |  447.0 |
               +--------+--------+--------+--------+--------+-----+--------+

Top non-repeatable levels by time:
     D:1: 766 daAuts
     D:2: 127 daAuts
